Map: Oxide LE

Players

LiquidClem (Clem)

  • Race: Terran Terran
  • League: Grandmaster
  • Spawn Location: 1:00

Serral - Winner!

  • Race: Zerg Zerg
  • League: Master
  • Spawn Location: 7:00

Event: DreamHack SC2 Masters 2020 Winter

VOD

Have the link to the VOD?

Description

Time

  • Played on: Nov. 6, 2020, 12:14 p.m.
  • Length: 10:16

All games in this series

Show
View Real Time Build Order
Export as new Build Order

LiquidClem Terran 

Build Orders: Hellion Banshee 

Get SALT Encoding   

  12  0:03  SCV  
  13  0:16  SCV  
  13  0:19  Supply Depot  
  14  0:28  SCV  
  15  0:40  SCV  
  16  0:43  Barracks  
  16  0:46  Refinery  
  16  0:52  SCV  
  17  1:05  SCV  
  18  1:17  SCV  
  19  1:29  Orbital Command  
  19  1:30  Marine  
  20  1:46  Command Center  
  20  1:48  Marine  
  21  1:55  SCV  
  22  2:04  Factory  
  23  2:11  Barracks Reactor  
  23  2:13  Supply Depot  
  22  2:18  SCV  
  23  2:35  SCV, Refinery  
  24  2:47  SCV  
  25  2:55  Hellion x2  
  29  2:59  SCV, Marine  
  29  3:01  Starport  
  31  3:11  SCV  
  32  3:14  Orbital Command  
  32  3:16  Hellion x2  
  32  3:18  Marine  
  37  3:23  SCV  
  38  3:31  Supply Depot  
  38  3:36  Marine  
  38  3:37  Hellion  
  38  3:38  Hellion  
  43  3:42  Medivac  
  45  3:48  Armory  
  45  3:54  SCV  
  46  3:55  Supply Depot  
  46  3:56  SCV  
  46  3:57  Barracks Tech Lab  
  47  4:04  Hellion  
  47  4:06  Hellion  
  47  4:07  SCV  
  52  4:11  SCV  
  53  4:21  SCV  
  53  4:23  Supply Depot  
  54  4:26  Banshee  
  54  4:28  Barracks Tech Lab, SCV  
  58  4:35  SCV  
  59  4:41  SCV  
  59  4:45  Supply Depot, Command Center  
  60  4:48  Stimpack  
  60  4:50  Marine, Factory Reactor  
  61  4:53  SCV  
  63  5:00  SCV  
  63  5:05  SCV  
  63  5:08  Barracks  
  63  5:11  Banshee  
  63  5:12  SCV  
  63  5:13  Marine, Barracks  
  63  5:14  Hellion x4  
  63  5:17  SCV  
  64  5:23  Engineering Bay x2  
  64  5:24  SCV  
  65  5:31  Marine, SCV  
  65  5:34  Supply Depot  
  67  5:36  SCV  
  67  5:42  Supply Depot, Refinery  
  68  5:43  SCV, Refinery, Hellion x2  
  68  5:48  SCV  
  68  5:49  Marine  
  71  5:51  Terran Infantry Weapons Level 1  
  71  5:54  Terran Infantry Armor Level 1  
  71  6:01  Marine x2  
  71  6:02  SCV x2  
  73  6:04  Orbital Command  
  73  6:05  Marine, Starport Reactor  
  73  6:06  Marine  
  73  6:07  Marine  
  76  6:14  SCV x2  
  78  6:21  Barracks  
  78  6:23  Siege Tank, Barracks  
  78  6:25  Marine, Orbital Command  
  82  6:27  Marine x2  
  82  6:31  SCV x2  
  82  6:32  Marine  
  87  6:35  Marine  
  88  6:43  Marine  
  88  6:44  Supply Depot x2  
  88  6:45  Medivac  
  88  6:46  Medivac  
  93  6:48  SCV  
  93  6:49  SCV  
  93  6:51  Marine x2  
  93  6:53  SCV  
  98  6:58  Marine, Supply Depot  
  98  7:00  SCV  
  98  7:01  SCV  
  101  7:02  Marine  
  101  7:03  Marine  
  101  7:06  SCV  
  104  7:08  Siege Tank  
  104  7:12  Barracks Reactor  
  104  7:13  Supply Depot, Barracks Reactor  
  107  7:16  SCV  
  107  7:17  SCV  
  107  7:19  SCV  
  110  7:23  Medivac x2  
  110  7:25  Marine x2  
  110  7:26  Marine  
  110  7:27  Marine  
  110  7:28  SCV  
  110  7:29  Supply Depot  
  119  7:30  Marine  
  119  7:34  SCV  
  119  7:35  SCV  
  122  7:39  Combat Shield  
  122  7:40  Supply Depot  
  122  7:41  SCV  
  122  7:43  Marine x3  
  126  7:45  Marine  
  126  7:46  SCV  
  126  7:48  Marine  
  126  7:49  Marine  
  130  7:54  Barracks x2  
  130  7:57  Marine x3  
  121  7:59  Barracks  
  121  8:00  Medivac x2  
  121  8:01  Marine x2  
  121  8:04  Siege Tank  
  126  8:06  Marine x2  
  126  8:09  Marine  
  126  8:12  Marine  
  128  8:13  SCV  
  128  8:15  Marine x2  
  127  8:23  Marine x3  
  127  8:24  Marine  
  127  8:25  Marine  
  130  8:29  SCV  
  130  8:31  Marine x2  
  130  8:33  Command Center  
  135  8:35  Marine x2  
  135  8:38  SCV, Refinery  
  135  8:40  Supply Depot, Marine  
  135  8:41  Marine  
  140  8:42  Siege Tank  
  140  8:46  Marine  
  144  8:50  SCV x3, Marine x3  
  144  8:51  Marine x2  
  144  8:52  Marine x2  
  144  8:53  Marine  
  144  8:55  Medivac, Marine  
  155  9:01  Supply Depot  
  156  9:03  Marine x2  
  156  9:09  Marine  
  159  9:11  Marine x2  
  159  9:13  Marine x2  
  159  9:14  Supply Depot  
  159  9:15  Marine x2  
  159  9:16  Supply Depot  
  165  9:23  Marine, Siege Tank  
  169  9:28  Marine  
  169  9:29  Marine, Supply Depot  
  171  9:31  Marine  
  171  9:37  Marine x6  
  171  9:38  Marine x2  
  180  9:40  Marine  
  180  9:42  Supply Depot  
  164  9:47  Marine  
  164  9:49  Marine x2  
  156  9:54  Marine x2  
  163  10:00  Barracks Tech Lab  
Show
View Real Time Build Order
Export as new Build Order

Serral Zerg - Winner!

Build Orders: 3 Hatch before Pool 

Get SALT Encoding   

  12  0:00  Drone  
  13  0:12  Overlord  
  13  0:17  Drone  
  14  0:30  Drone x2  
  14  0:34  Drone  
  17  0:53  Hatchery  
  17  0:55  Drone  
  17  1:15  Hatchery  
  16  1:19  Drone  
  17  1:31  Spawning Pool  
  16  1:35  Drone  
  16  1:38  Drone  
  18  1:42  Drone  
  20  1:47  Drone  
  20  1:57  Drone  
  21  2:05  Drone  
  21  2:08  Overlord  
  22  2:15  Drone  
  23  2:18  Drone  
  23  2:19  Queen x2  
  29  2:26  Hatchery  
  29  2:28  Drone  
  29  2:29  Drone  
  29  2:34  Extractor  
  29  2:37  Drone  
  29  2:40  Drone  
  30  2:47  Drone  
  30  2:51  Overlord  
  31  2:54  Queen x2  
  31  2:58  Drone  
  36  3:02  Overlord  
  36  3:09  Roach Warren  
  36  3:10  Drone  
  36  3:12  Drone  
  37  3:19  Drone  
  38  3:22  Drone  
  39  3:27  Evolution Chamber  
  39  3:28  Drone  
  39  3:29  Drone x3  
  42  3:36  Metabolic Boost  
  42  3:38  Extractor, Overlord  
  42  3:39  Drone  
  42  3:41  Drone  
  44  3:44  Drone  
  45  3:49  Drone  
  45  3:51  Overlord  
  45  3:54  Roach  
  45  3:55  Roach  
  50  4:03  Roach  
  50  4:05  Overlord  
  50  4:07  Roach  
  50  4:08  Queen  
  56  4:11  Roach  
  56  4:16  Roach  
  60  4:20  Drone x2, Overlord  
  60  4:22  Drone  
  60  4:23  Drone  
  64  4:25  Drone  
  64  4:27  Overlord  
  65  4:32  Zergling x4  
  65  4:35  Zergling x6  
  70  4:41  Drone  
  70  4:42  Drone  
  72  4:46  Overlord  
  72  4:47  Drone x3  
  75  4:54  Lair  
  75  4:57  Roach x2  
  79  5:00  Drone  
  79  5:06  Drone x5  
  85  5:08  Spore Crawler  
  85  5:09  Extractor  
  85  5:10  Spore Crawler  
  82  5:14  Spore Crawler  
  82  5:16  Drone x3  
  82  5:17  Drone  
  82  5:20  Drone x2  
  86  5:24  Overlord  
  86  5:25  Drone x2  
  86  5:26  Drone  
  86  5:28  Drone  
  90  5:33  Drone  
  90  5:34  Baneling Nest  
  90  5:36  Drone, Extractor  
  90  5:37  Drone, Extractor  
  90  5:43  Zergling x2  
  90  5:45  Zergling x2  
  90  5:48  Drone, Extractor  
  92  5:51  Drone x4  
  92  5:54  Evolution Chamber, Overseer  
  92  5:55  Evolution Chamber  
  94  6:00  Drone x3  
  94  6:03  Overlord x3  
  97  6:06  Overlord  
  97  6:09  Overlord  
  97  6:10  Overseer  
  97  6:16  Hatchery, Centrifical Hooks  
  96  6:19  Drone  
  96  6:21  Zerg Ground Armor Level 1  
  96  6:23  Drone  
  98  6:26  Drone  
  98  6:29  Infestation Pit  
  98  6:30  Zerg Melee Weapons Level 1  
  99  6:33  Infestation Pit  
  99  6:34  Drone  
  99  6:36  Zergling x6  
  99  6:37  Zergling x2  
  103  6:41  Queen  
  103  6:42  Zergling x4  
  107  6:48  Drone x4  
  107  6:51  Overlord  
  111  6:54  Zergling x4  
  111  6:55  Zergling x4  
  115  7:05  Drone x4  
  115  7:06  Drone x4  
  115  7:08  Zergling x2  
  124  7:11  Extractor  
  124  7:12  Spore Crawler, Hive  
  124  7:15  Zergling x6  
  125  7:16  Ravager  
  125  7:17  Ravager x6  
  132  7:27  Zergling x12  
  132  7:29  Spore Crawler  
  137  7:35  Drone  
  137  7:36  Baneling x6  
  137  7:37  Baneling x2  
  138  7:39  Zergling x14  
  138  7:40  Zergling x2  
  138  7:42  Ravager  
  138  7:44  Overlord  
  147  7:49  Overlord  
  146  7:56  Drone x3  
  143  8:00  Zergling x2  
  143  8:01  Zergling x10  
  143  8:03  Queen  
  150  8:06  Drone  
  146  8:14  Baneling x3  
  146  8:15  Baneling  
  146  8:16  Zergling x18  
  153  8:24  Adrenal Glands, Viper x2  
  153  8:27  Ultralisk Cavern  
  158  8:34  Hatchery  
  158  8:35  Overlord x2  
  158  8:37  Zergling x16  
  165  8:44  Zergling x6  
  168  8:50  Overlord x3  
  168  9:09  Baneling x28  
  167  9:10  Zergling x18  
  167  9:13  Zergling x2  
  167  9:14  Zergling x6  
  180  9:19  Baneling  
  180  9:20  Baneling  
  180  9:23  Zergling x14  
  187  9:30  Baneling x8  
  187  9:32  Zergling x8  
  187  9:36  Baneling x5  
  191  9:43  Zergling x22  
  191  9:48  Zergling x12  
  191  9:50  Baneling x3  
Tags
 
Add a new tag
Caveats
  • Supply blocks, unpowered buildings, or Contaminate may cause inaccurate times.
  • Supply counts are checked every 10 seconds.